Description

PvT Blink stalker pressure into Colossus

Replay - PvT Pro build [Saltking]

Build Order

Get SALT Encoding   

  12  0:00  Probe  
  13  0:12  Probe  
  14  0:17  Pylon  
  14  0:25  Probe (Chrono Boost)  
  15  0:37  Probe (Chrono Boost)  
  15  0:38  Gateway  
  16  0:44  Assimilator  
  16  0:46  Probe (Chrono Boost)  
  17  0:53  Probe (Chrono Boost)  
  19  1:05  Probe (Chrono Boost)  
  19  1:12  Probe (Chrono Boost)  
  20  1:22  Nexus  
  20  1:33  Cybernetics Core  
  20  1:34  Probe  
  21  1:41  Assimilator  
  21  1:46  Probe  
  22  1:50  Pylon  
  23  2:08  Stalker  
  23  2:13  Warp Gate  
  27  2:30  Twilight Council  
  29  2:38  Stalker  
  35  3:01  Blink (Chrono Boost)  
  36  3:11  Gateway x2  
  38  3:21  Stalker  
  42  3:28  Pylon  
  43  3:40  Robotics Facility  
  48  4:04  Pylon  
  49  4:15  Stalker x2  
  54  4:23  Stalker  
  57  4:27  Assimilator x2  
  57  4:30  Pylon  
  57  4:31  Observer (Chrono Boost)  
  60  4:50  Robotics Bay  
  60  4:51  Nexus  
  62  5:02  Stalker x2  
  72  5:34  Colossus (Chrono Boost)  
  74  5:36  Forge x2  
  74  5:40  Extended Thermal Lance  
  81  5:46  Assimilator x2  
  82  5:51  Gateway x3  
  85  6:08  Protoss Ground Weapons Level 1  
  87  6:11  Protoss Ground Armor Level 1  
  88  6:19  Colossus (Chrono Boost)  
  97  6:34  Gateway x2  
  98  6:42  Assimilator  
  98  6:44  Zealot x3, Charge (Chrono Boost)  
  103  6:53  Gateway x2  
  97  7:05  Colossus (Chrono Boost)  
  97  7:11  Zealot x3  
  97  7:15  Templar Archives  
  109  7:21  Zealot x3  
  115  7:34  Nexus  
  115  7:50  Colossus (Chrono Boost)  
  115  7:53  High Templar x4  
  115  7:55  Zealot  
  115  7:58  Archon x2  
  131  8:10  Protoss Ground Armor Level 2 (Chrono Boost)  
  131  8:11  Protoss Ground Weapons Level 2 (Chrono Boost)  
  145  8:35  Colossus (Chrono Boost)  
  145  8:38  Sentry  
  159  8:48  Psionic Storm  
  161  8:53  High Templar  
  177  9:15  High Templar  
  179  9:25  High Templar x2  
  179  9:31  Archon  
  199  9:51  Photon Cannon x3  
  199  9:58  Photon Cannon  
Spawning Tool Build Advisor. Get it on Overwolf

Go to:

Details

  • Created by: silverhorn  
  • Published on: Jul 07, 2018
  • Modified on: Jul 07, 2018
  • Patch: 4.0.0
Show
View Real Time Build Order
Export as new Build Order

Comments (0)

There are no comments. Be the first!

Create an account to comment!